 Dungeon Sprint DCSS version 0.19.5 (webtiles) character file.

18 equalderp2856 the Caller (level 2, -5/11 HPs)
             Began as a Felid Summoner on Mar 8, 2017.
             Slain by a flying skull (9 damage)
             ... in the Dungeon (Sprint VII: "The Pits").
             The game lasted 00:03:21 (1221 turns).

equalderp2856 the Caller (Felid Summoner)           Turns: 1221, Time: 00:03:22

Health: -5/11      AC:  1    Str:  4    XL:     2   Next: 51%
Magic:  3/6        EV: 18    Int: 16    God:
Gold:   0          SH:  0    Dex: 16    Spells: 2 memorised, 3 levels left
                                        Lives:  0   Deaths: 0

rFire  . . .     SeeInvis +     (weapon unavailable)
rCold  . . .     Gourm    .     (armour unavailable)
rNeg   . . .     Faith    .     (shield unavailable)
rPois  .         Spirit   .     (helmet unavailable)
rElec  .         Reflect  .     (cloak unavailable)
rCorr  .         Harm     .     (gloves unavailable)
MR     .....     NoTele   +     (boots unavailable)
Stlth  +++.......               (no amulet)
                                (no ring)
                                (no ring)

@: quick
A: no armour, no weapons or thrown items, stealth, claws 1, fangs 3, see
invisible, carnivore 3, speed 1, shaggy fur 1, slow metabolism 1, sharp paws
a: no special abilities


You were in the Dungeon.
You were not hungry.

You visited 1 branch

Inventory:

Scrolls
 j - 3 scrolls of remove curse
 k - 5 scrolls of amnesia
 l - a scroll of summoning
Potions
 c - 6 potions of curing
 d - 6 potions of heal wounds
 e - a potion of haste
 f - 4 potions of magic
 g - 3 potions of berserk rage
 i - 2 potions of invisibility
Books
 a - a book of Callings

   Spells                             Type                      Level
   a - Summon Small Mammal            Summoning                    1
   b - Call Imp                       Summoning                    2
   c - Call Canine Familiar           Summoning                    3
   d - Summon Guardian Golem          Hexes/Summoning              3
   e - Summon Lightning Spire         Summoning/Air                4
   f - Summon Ice Beast               Ice/Summoning                4
Comestibles
 b - 8 meat rations


   Skills:
 + Level 3.3 Dodging
 + Level 3.7 Stealth
 + Level 0.6 Unarmed Combat
 + Level 2.5 Spellcasting
 + Level 5.7 Summonings


You had 3 spell levels left.
You knew the following spells:

 Your Spells              Type           Power        Failure   Level  Hunger
a - Summon Small Mammal   Summ           ###.         1%          1    #......
b - Call Imp              Summ           ###.....     3%          2    ##.....


Dungeon Overview and Level Annotations

Branches:
Dungeon (1/1)

Altars:
Ashenzari
Cheibriados
Dithmenos
Elyvilon
Fedhas
Gozag
Hepliaklqana
Kikubaaqudgha
Makhleb
Nemelex Xobeh
Okawaru
Qazlal
Ru
Sif Muna
Trog
Uskayaw
Vehumet
Xom
Yredelemnul
Zin
The Shining One
Beogh
Jiyva
Lugonu


Innate Abilities, Weirdness & Mutations

You cannot wear armour.
You are incapable of wielding weapons or throwing items.
Your paws allow you to move quietly. (Stealth)
You have sharp claws.
You have razor-sharp teeth.
You have supernaturally acute eyesight. (SInv)
You are carnivorous and can eat meat at any time.
You cover ground quickly.
You are covered in fur. (AC +1)
You have a slow metabolism.
Your sharp claws are effective at attacking unaware monsters.


Message History

Casting: Call Imp
Confirm with . or Enter, or press ? or * to list all spells.
You don't know that spell.
Unknown command.
Casting: Call Imp
Confirm with . or Enter, or press ? or * to list all spells.
A beastly little devil appears in a puff of flame.
The necrophage barely misses your crimson imp.
There is an open door to the Storerooms (Easy) here.
Your crimson imp blinks!
You see here a spear.
You open the huge gate.
There is a huge open gate to the Grid Vault (Hard) here.
There is a huge open gate to the Grid Vault (Hard) here.
The flying skull misses you. The flying skull completely misses you.
The flying skull hits you. The flying skull hits you!
Ouch! That really hurt!
You die...

#################
................+
.......@z.......+
##############..#
#..# #..# #..#
#..# #..#
###############n.#
####
.........n.......#


You could see a flying skull.

Vanquished Creatures
  An orc (D)
  A giant cockroach (D)
  A quokka (D)
  2 rats (D)
5 creatures vanquished.

Vanquished Creatures (collateral kills)
  A gnoll (D)
  A river rat (D)
  A quokka (D)
  A kobold (D)
4 creatures vanquished.

Grand Total: 9 creatures vanquished

Notes
Turn   | Place    | Note
-------+----------+-------------------------------------------
     0 | D        | equalderp2856 the Felid Summoner began the quest for the Orb.
     0 | D        | Reached XP level 1. HP: 7/7 MP: 4/4
   413 | D        | Reached skill level 5 in Summonings
   413 | D        | Reached XP level 2. HP: 3/11 MP: 0/6
   695 | D        | Found a radiant altar of Vehumet.
   695 | D        | Found a hide-covered altar of Uskayaw.
   695 | D        | Found an ancient bone altar of Kikubaaqudgha.
   695 | D        | Found a viscous altar of Jiyva.
   695 | D        | Found a hazy altar of Hepliaklqana.
   696 | D        | Found a bloodstained altar of Trog.
   696 | D        | Found a deep blue altar of Sif Muna.
   696 | D        | Found a sacrificial altar of Ru.
   696 | D        | Found a stormy altar of Qazlal.
   696 | D        | Found an iron altar of Okawaru.
   696 | D        | Found a sparkling altar of Nemelex Xobeh.
   696 | D        | Found an opulent altar of Gozag.
   696 | D        | Found a blossoming altar of Fedhas.
   696 | D        | Found a white marble altar of Elyvilon.
   696 | D        | Found a shadowy altar of Dithmenos.
   696 | D        | Found a snail-covered altar of Cheibriados.
   697 | D        | Found a glowing golden altar of the Shining One.
   697 | D        | Found a glowing silver altar of Zin.
   698 | D        | Found a burning altar of Makhleb.
   698 | D        | Found a basalt altar of Yredelemnul.
   698 | D        | Found a roughly hewn altar of Beogh.
   699 | D        | Found a corrupted altar of Lugonu.
   699 | D        | Found a shimmering altar of Xom.
   699 | D        | Found a shattered altar of Ashenzari.
   976 | D        | Noticed a necrophage
   977 | D        | Noticed a flying skull
   978 | D        | Noticed a phantom
   995 | D        | Learned a level 2 spell: Call Imp
  1221 | D        | Slain by a flying skull

Skill      XL: |  1 |
---------------+----+-----
Dodging        | 3 |  3.3
Stealth        | 3 |  3.7
Summonings     | 5 |  5.7
Unarmed Combat | |  0.6
Spellcasting   | |  2.5

Action                   || total
-------------------------++-------
Melee: Unarmed           ||    33
       Bite              ||     2
 Cast: Summon Small Mamm ||    17
       Call Imp          ||     7
  Use: Scroll            ||     1
 Stab: Sleeping          ||     3
Armor: Skin              ||     2
Dodge: Dodged            ||    27
